Map: Dusk Towers

Players

capac - Winner!

  • Race: Terran Terran
  • League: Gold

A.I. 1 (Elite)

  • Race: Zerg Zerg

VOD

Have the link to the VOD?

Description

Time

  • Played on: March 11, 2016, 10:53 a.m.
  • Length: 9:21
Show
View Real Time Build Order
Export as new Build Order

capac Terran - Winner!

Build Orders: Reaper Expand, MMM Bio 

Get SALT Encoding   

  12  0:01  SCV  
  13  0:14  SCV  
  14  0:18  Supply Depot  
  14  0:26  SCV  
  15  0:40  SCV  
  15  0:41  Barracks  
  16  0:46  Refinery  
  16  0:58  SCV  
  17  1:10  SCV  
  18  1:22  SCV  
  19  1:31  Reaper  
  20  1:34  SCV  
  20  1:36  Command Center  
  21  1:40  Supply Depot  
  21  1:51  Orbital Command  
  21  2:04  Barracks  
  21  2:12  Barracks Reactor  
  21  2:27  SCV  
  22  2:35  Refinery  
  22  2:36  Factory  
  22  2:37  Engineering Bay  
  22  2:43  SCV  
  23  2:56  Marine x2  
  23  2:58  Barracks Tech Lab  
  25  3:02  Orbital Command  
  25  3:21  Starport  
  25  3:22  Factory Tech Lab  
  25  3:23  Marine x3  
  28  3:28  SCV x2  
  28  3:29  Refinery  
  30  3:44  Marine x3  
  30  3:46  SCV x2  
  35  3:54  Stimpack  
  35  3:57  Siege Tank  
  37  4:03  Starport Reactor  
  37  4:09  Supply Depot  
  37  4:12  Marine x3  
  37  4:14  SCV x2  
  42  4:26  SCV x2  
  44  4:31  Supply Depot  
  44  4:32  Siege Tank  
  44  4:35  Marine  
  44  4:36  Marine x2  
  50  4:42  Medivac x2  
  54  4:47  Refinery  
  54  4:53  SCV x2  
  54  4:55  Supply Depot  
  56  5:00  Marine x2  
  56  5:02  Marine  
  56  5:05  SCV x2  
  61  5:17  SCV x2  
  61  5:18  Supply Depot  
  63  5:24  Marine x3  
  63  5:26  Siege Tank  
  69  5:30  SCV  
  70  5:39  SCV, Medivac x2  
  70  5:42  Marine x2  
  76  5:43  SCV  
  78  5:50  Supply Depot  
  78  5:53  Marine, SCV  
  78  5:55  SCV  
  78  5:56  Combat Shields  
  81  5:57  Supply Depot  
  81  6:02  Marine x2  
  83  6:11  Marine  
  73  6:20  Marine  
  73  6:21  Marine  
  75  6:25  SCV  
  75  6:26  SCV  
  75  6:28  Liberator  
  75  6:29  Supply Depot, Marine  
  78  6:35  Command Center  
  78  6:36  Liberator  
  78  6:38  Marine x2  
  80  6:44  Siege Tank  
  80  6:46  Marine  
  90  6:55  Supply Depot  
  90  6:56  Marine x2  
  92  7:08  Barracks  
  92  7:11  Barracks  
  89  7:37  Marine x2  
  89  7:38  Marine  
  89  7:42  Siege Tank  
  89  7:43  SCV x2  
  94  8:15  Marine x4  
  94  8:16  Marine  
  99  8:33  Marine x5  
  102  8:51  Marine x2  
Show
View Real Time Build Order
Export as new Build Order

A.I. 1 (Elite) Zerg 

Build Orders: Pool First 

Get SALT Encoding   

  12  0:00  Drone  
  13  0:12  Overlord  
  13  0:17  Drone  
  14  0:30  Drone x2  
  16  0:43  Spawning Pool  
  16  0:44  Drone  
  16  0:49  Drone  
  17  1:12  Hatchery, Drone  
  17  1:16  Extractor  
  17  1:17  Drone  
  17  1:21  Drone  
  18  1:27  Drone  
  19  1:38  Overlord  
  19  1:48  Queen  
  19  1:49  Drone  
  22  1:59  Zergling x2  
  23  2:09  Extractor  
  23  2:10  Drone  
  23  2:21  Drone  
  24  2:23  Drone  
  24  2:24  Queen  
  26  2:32  Drone  
  26  2:34  Drone  
  28  2:42  Drone  
  29  2:45  Roach Warren  
  29  2:47  Drone  
  29  2:53  Drone  
  29  2:55  Zergling x2  
  31  2:58  Zergling x2  
  31  3:04  Overlord  
  32  3:08  Drone  
  32  3:11  Drone  
  34  3:26  Roach x2  
  38  3:28  Roach x2  
  42  3:37  Lair  
  42  3:41  Overlord  
  42  3:47  Overlord  
  42  3:50  Zergling x2  
  42  3:52  Zergling x2  
  44  3:59  Zergling x2  
  44  4:00  Drone x2  
  48  4:02  Drone  
  48  4:05  Drone  
  48  4:08  Drone  
  50  4:13  Overlord  
  50  4:17  Roach  
  50  4:20  Roach  
  50  4:23  Roach  
  56  4:27  Roach  
  56  4:30  Overlord  
  58  4:36  Hydralisk Den  
  58  4:37  Drone  
  58  4:39  Drone  
  58  4:41  Drone  
  58  4:44  Roach  
  62  4:47  Roach  
  62  4:50  Zergling x2  
  64  4:53  Overlord  
  64  5:03  Drone  
  64  5:04  Hydralisk  
  64  5:05  Drone  
  68  5:07  Hydralisk, Drone  
  68  5:09  Drone  
  68  5:11  Drone  
  68  5:13  Drone  
  74  5:14  Drone  
  74  5:18  Overlord  
  74  5:20  Drone  
  76  5:24  Drone  
  76  5:26  Drone  
  78  5:33  Infestation Pit, Drone  
  78  5:34  Drone  
  79  5:36  Drone  
  79  5:39  Overlord  
  79  5:41  Drone  
  81  5:50  Metabolic Boost  
  81  5:53  Evolution Chamber  
  81  5:54  Drone  
  81  6:00  Hatchery  
  80  6:08  Baneling Nest, Zergling x2  
  80  6:09  Drone  
  72  6:11  Infestor, Roach  
  72  6:13  Zergling x2  
  72  6:16  Roach  
  60  6:18  Roach  
  60  6:19  Zerg Melee Weapons Level 1  
  60  6:23  Roach  
  62  6:26  Extractor  
  62  6:27  Roach  
  62  6:28  Extractor  
  62  6:30  Drone  
  62  6:31  Drone  
  66  6:32  Roach  
  66  6:38  Zergling x2  
  67  6:40  Zergling x2  
  67  6:41  Zergling x2, Hydralisk  
  67  6:45  Zergling x2  
  72  6:49  Drone x3  
  72  6:50  Hydralisk  
  72  6:53  Baneling  
  77  6:55  Drone  
  77  6:56  Drone  
  79  7:05  Evolution Chamber  
  79  7:06  Roach, Drone  
  81  7:09  Roach x3  
  81  7:12  Zergling x2, Drone  
  81  7:13  Zergling x2, Drone  
  86  7:18  Roach, Drone  
  86  7:19  Overseer  
  76  7:22  Roach  
  76  7:28  Hydralisk  
  76  7:29  Drone  
  77  7:33  Drone  
  78  7:39  Roach, Drone  
  78  7:40  Zergling x2, Baneling x3, Infestor, Roach  
  84  7:45  Zergling x2, Roach, Drone  
  79  7:51  Roach  
  79  7:59  Drone  
  79  8:01  Drone  
  79  8:02  Drone  
  73  8:11  Hydralisk  
  73  8:12  Zergling x2, Roach, Drone  
  70  8:13  Zergling x2  
  70  8:15  Hydralisk, Overseer  
  70  8:16  Roach x2  
  72  8:24  Overlord, Drone  
  65  8:34  Zergling x2  
  65  8:35  Drone  
  61  8:44  Zergling x2, Infestor, Drone  
  61  8:47  Hydralisk  
  58  8:57  Hydralisk  
Tags
 
Add a new tag
Caveats
  • Supply blocks, unpowered buildings, or Contaminate may cause inaccurate times.
  • Supply counts are checked every 10 seconds.